 Dungeon Crawl Stone Soup version 0.31-a0-986-g5e6e4ef867 (webtiles) character file.

Game seed: 3036247006992425470

1343 NateTC the Trooper (level 8, -6/53 HPs)
             Began as a Gargoyle Fighter on Sept 6, 2023.
             Mangled by an ogre
             ... wielding a +0 giant spiked club
              (17 damage)
             ... on level 5 of the Dungeon on Nov 25, 2023.
             The game lasted 00:23:09 (3725 turns).

NateTC the Trooper (Gargoyle Fighter)               Turns: 3725, Time: 00:23:09

Health: -6/53      AC: 21    Str: 22    XL:     8   Next: 62%
Magic:  8/8        EV:  5    Int:  9    God:
Gold:   251        SH:  8    Dex:  9    Spells: 7/7 levels left

rFire   . . .        a - +1 flail
rCold   . . .        p - +0 kite shield
rNeg    + . .        h - +0 plate armour
rPois   ∞            g - +1 helmet
rElec   +            (no cloak)
rCorr   .            (no gloves)
SInv    .            k - +0 pair of boots
Will    .....        (no amulet) Stlth
                     (no ring)
HPRegen 0.28/turn    (no ring)
MPRegen 0.11/turn

%: no passive effects
@: no status effects
A: sickness immunity, AC +5, negative energy resistance 1, electricity
resistance, torment resistance 1, petrification resistance
a: no special abilities


You were on level 5 of the Dungeon.
You visited 2 branches of the dungeon, and saw 6 of its levels.

You collected 251 gold pieces.

Inventory:

Hand Weapons
 a - a +1 flail (weapon)
Missiles
 i - a throwing net
Armour
 g - a +1 helmet (worn)
 h - a +0 plate armour (worn)
 k - a +0 pair of boots (worn)
 p - a +0 kite shield (worn)
Talismans
 e - a beast talisman
Scrolls
 c - a scroll of fear
 m - a scroll of identify
 n - 3 scrolls of revelation
Potions
 b - a potion of curing {unknown}
 d - a potion of lignification {unknown}
 f - 2 potions of enlightenment
 j - 3 potions of haste
 l - a potion of resistance {unknown}
 o - a potion of magic {unknown}


   Skills:
 - Level 7.6 Fighting
 * Level 6.7 Maces & Flails
 + Level 5.0 Armour
 + Level 5.0 Shields


You had 7 spell levels left.
You didn't know any spells.
Your spell library contained the following spells:

 Spells                   Type           Power      Damage    Failure   Level
 Magic Dart               Conj           0%         1d3       100%        1
 Call Imp                 Summ           0%         N/A       100%        2
 Lesser Beckoning         Tloc           0%         N/A       100%        2
 Gell's Gravitas          Tloc           0%         N/A       100%        3
 Mephitic Cloud           Conj/Pois/Air  0%         N/A       100%        3
 Teleport Other           Tloc           0%         N/A       100%        3
 Dispel Undead            Necr           0%         3d6       100%        4
 Death Channel            Necr           0%         N/A       100%        6
 Cigotuvi's Dreadful Rot  Necr/Pois/Air  Unusable   N/A       N/A         2

Dungeon Overview and Level Annotations

Branches:
Dungeon (5/15) Zot: 26184  Temple (1/1) D:5 Zot: 5979

Altars:
Ashenzari
Cheibriados
Dithmenos
Gozag
Hepliaklqana
Makhleb
Nemelex Xobeh
Qazlal
Sif Muna
Trog
Vehumet
Wu Jian
Xom
Yredelemnul
Zin
The Shining One

Shops:
D:5 *[*

Annotations:
D:3 exclusion: statue


Innate Abilities, Weirdness & Mutations

You are immune to sickness and miasma.
Your stone body is resilient. (AC +5)
You are immune to poison.
You resist negative energy. (rN+)
You are resistant to electric shocks. (rElec)
You are resistant to unholy torment.
You are immune to petrification.


Message History

A quokka comes into view.
You barely miss the quokka.
The quokka bites you but does no damage.
The quokka barely misses you.
You sock the quokka!
You kill the quokka!
You now have 251 gold pieces (gained 10).
Found a scroll of fear.
An ogre comes into view. It is wielding a +0 giant spiked club.
Found 15 gold pieces.
The ogre shouts!
Found a stone staircase leading up.
You see here a scroll of fear.
c - a scroll of fear
There is a stone staircase leading up here.
You hit the ogre.
The ogre is lightly wounded.
You block the ogre's attack.
You hit the ogre.
The ogre is lightly wounded.
You hit the ogre.
The ogre is moderately wounded.
You block the ogre's attack.
You sock the ogre!
The ogre is severely wounded.
The ogre hits you with a +0 giant spiked club!
You sock the ogre!
The ogre is almost dead.
The ogre hits you with a +0 giant spiked club!
You barely miss the ogre.
The ogre is almost dead.
The ogre hits you with a +0 giant spiked club!!
* * * LOW HITPOINT WARNING * * *
Okay, then.
The ogre attacks as it pursues you! The ogre barely misses you.
The ogre hits you with a +0 giant spiked club.
* * * LOW HITPOINT WARNING * * *
The ogre attacks as it pursues you!
The ogre hits you with a +0 giant spiked club!
You die...

..##.#.....###...........
>....#....## #...........
..##......# ##<.........
#....##..## #..........
..##......### #..........
#.....#.....####.........
#..##.#.......##.........
.........##.....#O.......
....##...####...@........
..######## ###..........
### ###....$... #
##....... #...... .....#
#...## ..##


You could see an ogre.

Vanquished Creatures
  Sigmund (D:2)
  The ghost of RepHenryClay the Ducker, an amateur MfSh (D:4)
  An ice beast (D:4)
  An ogre (D:4)
  A centaur (D:5)
  A phantom (D:4)
  Blork the orc (D:4)
  A bullfrog (D:5)
  2 scorpions
  A jelly (D:5)
  An orc priest (D:3)
  2 hounds
  A sleepcap (D:4)
  An iguana (D:4)
  Natasha (thrice) (D:2)
  Robin (D:2)
  3 gnolls (D:3)
  9 adders
  2 worms
  4 dart slugs
  6 orcs
  3 ball pythons
  2 bats
  3 endoplasms
  4 giant cockroaches
  13 goblins
  5 hobgoblins
  5 jackals
  5 quokkas
  2 frilled lizards (D:1)
  7 kobolds
  4 rats (D:1)
97 creatures vanquished.

Notes
Turn   | Place    | Note
-------+----------+-------------------------------------------
     0 | D:1      | NateTC the Gargoyle Fighter began the quest for the Orb.
     0 | D:1      | Reached XP level 1. HP: 14/14 MP: 1/1
   100 | D:1      | Reached XP level 2. HP: 19/19 MP: 2/2
   406 | D:1      | Reached XP level 3. HP: 20/24 MP: 3/3
   722 | D:2      | Reached skill level 4 in Fighting
   861 | D:2      | Noticed Robin
   878 | D:2      | Killed Robin
   879 | D:2      | Reached XP level 4. HP: 28/30 MP: 4/4
   920 | D:2      | Reached skill level 5 in Fighting
  1082 | D:2      | Noticed Sigmund
  1126 | D:2      | Killed Sigmund
  1127 | D:2      | Reached skill level 6 in Fighting
  1127 | D:2      | Reached XP level 5. HP: 3/37 MP: 5/5
  1127 | D:2      | Reached XP level 6. HP: 4/42 MP: 6/6
  1351 | D:2      | Noticed Natasha
  1360 | D:2      | Killed Natasha
  1657 | D:2      | Noticed Natasha
  1665 | D:2      | Killed Natasha
  1810 | D:2      | Noticed Natasha
  1814 | D:2      | Killed Natasha
  1903 | D:3      | Found a burning altar of Makhleb.
  1903 | D:3      | Found a shimmering blue altar of Sif Muna.
  2045 | D:3      | Reached XP level 7. HP: 12/47 MP: 7/7
  2493 | D:3      | Found a radiant altar of Vehumet.
  2601 | D:3      | Upgraded the game from 0.31-a0-691-g409c26aa35 to
                  | 0.31-a0-986-g5e6e4ef867
  2643 | D:4      | Noticed Blork the orc
  2648 | D:4      | Killed Blork the orc
  2649 | D:4      | Reached skill level 7 in Fighting
  2704 | D:4      | Found a runed translucent door.
  2704 | D:4      | Noticed RepHenryClay's ghost (amateur MfSh)
  2761 | D:4      | Reached skill level 5 in Maces & Flails
  3052 | D:4      | Reached XP level 8. HP: 47/53 MP: 8/8
  3330 | D:4      | Killed RepHenryClay's ghost
  3403 | D:5      | Entered Level 5 of the Dungeon
  3416 | D:5      | Found a staircase to the Ecumenical Temple.
  3432 | Temple   | Entered the Ecumenical Temple
  3502 | D:5      | Found Semabb's Assorted Antiques.
  3522 | D:5      | Found Mokhuagh's General Store.
  3599 | D:5      | Reached skill level 5 in Armour
  3599 | D:5      | Reached skill level 5 in Shields
  3622 | D:5      | Found Hexoniv's Armour Shop.
  3725 | D:5      | Mangled by an ogre

Illustrated notes

Levels and vault maps discovered:
D:1:      lightli_arrival_isolated_outpost, layout_basic, serial_park_tiny_2,
          nicolae_kite_square_tiling_tiny, amcnicky_mini_pool_small,
          chequers_garden
D:2:      layout_loops_corners, uniq_robin, uniq_natasha, uniq_sigmund
D:3:      layout_loops_ring, vehumet_statue, gammafunk_temple_overflow_wave
D:4:      layout_rooms, hellmonk_ghost_happy_afterlife, nrook_uturn,
          uniq_blork_the_orc
D:5:      layout_cave_pods, minmay_temple_entry_ruins, serial_shops,
          nicolae_shop_stone, shop, kennysheep_mini_moat
Temple:   oiseaux_autumnal_temple

Skill      XL: |  1  2  3  4  5  6  7  8 |
---------------+-------------------------+-----
Fighting       | 4 6 7 |  7.6
Maces & Flails | 4 5 6 |  6.7
Armour         | 4 5 |  5.0
Shields        | 4 5 |  5.0

Action                     |  1- 3 |  4- 6 |  7- 9 || total
---------------------------+-------+-------+-------++-------
  Melee: Flail             |   130 |   126 |   175 ||   431
    Use: Scroll            |     2 |     3 |     3 ||     8
         Potion            |       |     3 |       ||     3
 Armour: Scale mail        |    63 |       |       ||    63
         Plate armour      |    56 |   130 |   132 ||   318
  Dodge: Dodged            |    62 |    32 |    48 ||   142
  Block: Buckler           |    29 |    25 |    23 ||    77
         Kite shield       |       |       |    18 ||    18

Table legend: (Time is in decaauts)
 A = Elapsed time spent in this place.
 B = Non-inter-level travel time spent in this place.
 C = Inter-level travel time spent in this place.
 D = Time resting spent in this place.
 E = Time spent auto-exploring this place.
 F = Levels seen in this place.
 G = Mean time per level.
                   A        B        C        D        E       F      G
               +--------+--------+--------+--------+--------+-----+--------+
         Total |   3835 |   3700 |    135 |    533 |    719 |   6 |  639.2 |
       Dungeon |   3814 |   3689 |    125 |    533 |    719 |   5 |  762.8 |
        Temple |     20 |     10 |     10 |      0 |      0 |   1 |   20.0 |
               +--------+--------+--------+--------+--------+-----+--------+

Top non-repeatable levels by time:
     D:2: 1203 daAuts
     D:3: 814 daAuts
     D:4: 780 daAuts
     D:1: 707 daAuts
     D:5: 309 daAuts
  Temple: 20 daAuts
